 Dungeon Crawl Stone Soup version 0.31-a0-89-g637a80eef8 (webtiles) character file.

Game seed: 2215679117226661861

141 Colgate the Grave Robber (level 5, -3/38 HPs)
             Began as a Meteoran Necromancer on May 25, 2023.
             Slain by a shadow (11 damage)
             ... on level 11 of the Dungeon.
             The game lasted 00:09:01 (649 turns).

Colgate the Grave Robber (Meteoran Necromancer)      Turns: 649, Time: 00:09:01

Health: -3/38      AC:  2    Str: 10    XL:     5   Next: 78%
Magic:  12/13      EV: 12    Int: 18    God:
Gold:   102        SH:  0    Dex: 14    Spells: 6/14 levels left

rFire   . . .        a - +0 orcbow
rCold   + . .        (shield currently unavailable)
rNeg    . . .        c - +0 robe {rC+}
rPois   .            (no helmet)
rElec   .            (no cloak)
rCorr   .            (no gloves)
SInv    +            (no boots)
Will    .....        (no amulet)
Stlth   +            i - ring of see invisible
HPRegen 0.26/turn    (no ring)
MPRegen 0.13/turn

%: no passive effects
@: glowing
A: sense surroundings 1, otherworldly, glowing, explore regen
a: no special abilities


You were on level 11 of the Dungeon.
You visited 1 branch of the dungeon, and saw 10 of its levels.

You collected 102 gold pieces.

Inventory:

Hand Weapons
 a - a +0 orcbow (weapon)
 b - a +0 sling
 p - a +0 hand axe
Armour
 c - a +0 robe of cold resistance (worn)
Jewellery
 f - a ring of ice
 i - a ring of see invisible (left hand)
Wands
 o - a wand of flame (14)
Scrolls
 d - 2 scrolls of fog {unknown}
 e - a scroll of silence {unknown}
 g - 2 scrolls of identify {unknown}
 k - a scroll of amnesia {unknown}
 n - a scroll of teleportation {unknown}
Potions
 h - 2 potions of enlightenment {unknown}
 j - a potion of curing {unknown}
 l - a potion of magic
 m - 2 potions of heal wounds {unknown}


   Skills:
 - Level 2.4 Dodging
 - Level 1.4 Stealth
 - Level 5.1 Spellcasting
 + Level 5.6 Necromancy


You had 6 spell levels left.
You knew the following spells:

 Your Spells              Type           Power      Damage    Failure   Level
a - Necrotise             Necr           100%       1d9       1%          1
b - Vampiric Draining     Necr           25%        2d7       3%          3
c - Animate Dead          Necr           25%        N/A       13%         4

Your spell library contained the following spells:

 Spells                   Type           Power      Damage    Failure   Level
 Agony                    Necr           25%        N/A       34%         5


Dungeon Overview and Level Annotations

Branches:
Dungeon (9/15) Zot: 5339
 Temple: D:4-7         Lair: D:8-11         Orc: D:9-12

Altars:
Dithmenos
Nemelex Xobeh
The Shining One


Innate Abilities, Weirdness & Mutations

You passively map a small area around you.
You are easily found by Zot.
You glow in the dark.
You regain HP and MP as you explore.


Message History

You shoot an arrow. The arrow closely misses the shadow.
The shadow hits you.
Fire: a) +0 orcbow
Aim: a shadow (heavily damaged, 47% to hit)
You shoot an arrow. The arrow closely misses the shadow.
The shadow barely misses you.
The shadow slips into darkness.
The shadow flickers and vanishes for a moment.
Fire: a) +0 orcbow
Aim: a shadow (heavily damaged, slightly transparent, 47% to hit)
You shoot an arrow.
The arrow hits the shadow but does no damage.
The shadow hits you!
Fire: a) +0 orcbow
Aim: a shadow (heavily damaged, 47% to hit)
You shoot an arrow. The arrow barely misses the shadow.
The shadow slips into darkness.
The shadow flickers and vanishes for a moment.
The shadow barely misses you.
Fire: a) +0 orcbow
Aim: a shadow (heavily damaged, slightly transparent, 47% to hit)
You shoot an arrow.
The arrow hits the shadow but does no damage.
The shadow closely misses you.
Casting: Vampiric Draining (dangerous; 3% risk of failure)
Aiming: Vampiric Draining (dangerous; 3% risk of failure)
Okay, then.
Fire: a) +0 orcbow
Aim: a shadow (heavily damaged, slightly transparent, 47% to hit)
You shoot an arrow.
The arrow hits the shadow but does no damage.
The shadow hits you!
* * * LOW HITPOINT WARNING * * *
The shadow slips into darkness.
The shadow flickers and vanishes for a moment.
Fire: a) +0 orcbow
Aim: a shadow (heavily damaged, slightly transparent, 47% to hit)
You shoot an arrow. The arrow completely misses the shadow.
The shadow hits you!
You die...

###.# , #.#...# ,
#.#...# * * #.#...#
, * *#.#...# *
#.#...# , * #
#.#...#
....##.#[..#.#. ,
,,,......W@....>...
* ############.###
* .# # * ** * , ,,
* * ,, , *


You could see a shadow (invisible).

Vanquished Creatures
  A centaur (D:7)
  A hound (D:5)
  A dart slug (D:2)
  4 orcs
  4 endoplasms
  2 giant cockroaches
  2 ball pythons
  3 bats (D:3)
  3 rats (D:3)
21 creatures vanquished.

Vanquished Creatures (collateral kills)
  An adder (D:2)
1 creature vanquished.

Grand Total: 22 creatures vanquished

Notes
Turn   | Place    | Note
-------+----------+-------------------------------------------
     0 | D:1      | Colgate the Meteoran Necromancer began the quest for the
                  | Orb.
     0 | D:1      | Reached XP level 1. HP: 14/14 MP: 5/5
    63 | D:2      | Reached XP level 2. HP: 15/20 MP: 1/7
    91 | D:2      | Reached XP level 3. HP: 26/26 MP: 1/9
    95 | D:2      | Learned a level 3 spell: Vampiric Draining
   280 | D:3      | Found a shadowy altar of Dithmenos.
   505 | D:5      | Entered Level 5 of the Dungeon
   505 | D:5      | Found a glowing golden altar of the Shining One.
   540 | D:5      | Reached skill level 5 in Spellcasting
   540 | D:5      | Reached XP level 4. HP: 24/33 MP: 3/12
   545 | D:5      | Learned a level 4 spell: Animate Dead
   562 | D:5      | Found a sparkling altar of Nemelex Xobeh.
   595 | D:7      | Noticed a centaur
   604 | D:7      | Killed a centaur
   605 | D:7      | Reached skill level 5 in Necromancy
   605 | D:7      | Reached XP level 5. HP: 8/38 MP: 1/13
   632 | D:9      | You fall into a shaft and drop 2 floors!
   637 | D:11     | Noticed a shadow
   649 | D:11     | Slain by a shadow

Illustrated notes

Levels and vault maps discovered:
D:1:      lightli_arrival_boilingwater, layout_basic,
          kennysheep_decorative_pillar
D:2:      layout_loops_corners, corexii_leaking_fountain
D:3:      layout_basic, nzn_overflow_gifts_of_might_and_magic,
          nicolae_dithmenos_the_darkroom, nrook_campfire, columned_hall_lemuel,
          uniq_pargi
D:4:      layout_rooms, vehumet_crystals, mrwooster_statue_mirror,
          minmay_ogre_servants
D:5:      layout_basic, nicolae_overflow_crystal_walls, kennysheep_mini_moat,
          okawaru_trees_1, general_overflow_altar,
          minmay_temple_entry_gardened_gates, uniq_eustachio
D:6:      layout_loops_corners, gup_sewer_entry_bubbles,
          minmay_chambers_of_fives
D:7:      layout_basic, elyvilon_altar_3, fedhas_altar_1,
          gammafunk_ghost_wrathful_warriors, enter_bailey_3, serial_shops,
          nicolae_shop_bloodbath_and_beyond, shop, shop, nicolae_shop_rolled_up,
          serial_corexii_hall, corexii_hall_statues_l, corexii_hall_statues_l
D:8:      layout_loops_corners, old_standard_altar, serial_ice, serial_ice_c,
          serial_ice_l, serial_ice_g, serial_ice_n, uniq_maggie
D:9:      layout_roguey, dpeg_lair_monsters
D:11:     layout_basic

Skill      XL: |  1  2  3  4 |
---------------+-------------+-----
Spellcasting   | 3 4 5 |  5.1
Necromancy     | 5 |  5.6
Dodging        | |  2.4
Stealth        | |  1.4

Action                     |  1- 3 |  4- 6 || total
---------------------------+-------+-------++-------
  Melee: Hand axe          |     2 |       ||     2
   Fire: Orcbow            |       |    18 ||    18
   Cast: Necrotise         |    27 |       ||    27
         Vampiric Draining |     1 |     6 ||     7
 Armour: Robe              |     3 |     2 ||     5
  Dodge: Dodged            |     4 |     7 ||    11

Table legend: (Time is in decaauts)
 A = Elapsed time spent in this place.
 B = Non-inter-level travel time spent in this place.
 C = Inter-level travel time spent in this place.
 D = Time resting spent in this place.
 E = Time spent auto-exploring this place.
 F = Levels seen in this place.
 G = Mean time per level.
                   A        B        C        D        E       F      G
               +--------+--------+--------+--------+--------+-----+--------+
         Total |    659 |    659 |      0 |      0 |      0 |  10 |   65.9 |
       Dungeon |    659 |    659 |      0 |      0 |      0 |  10 |   65.9 |
               +--------+--------+--------+--------+--------+-----+--------+

Top non-repeatable levels by time:
     D:3: 267 daAuts
     D:2: 123 daAuts
     D:5: 75 daAuts
     D:4: 62 daAuts
     D:1: 54 daAuts
    D:11: 22 daAuts
     D:8: 16 daAuts
     D:7: 15 daAuts
     D:6: 13 daAuts
     D:9: 9 daAuts
